Cogmind - Beta 13 @@@ ROGUE MODE // 2024.04.06 @ 20:24:33 Player: Gantra Result: Destroyed by D-53 Grenadier with Mini Grenade Launcher Performance ------------- Evolutions (0) 0 Regions Visited (2) 400 Robots Destroyed (23) 115 Value Destroyed (219) 219 Prototype IDs (0) 0 Alien Tech Used (0) 0 Bonus (0) 0 TOTAL SCORE: 734 Bonus ------- None Cogmind --------- Core Integrity 0/250 Matter 300/300 Energy 100/100 System Corruption 6% Temperature Cool (0) Movement Core (350) Ox6 Location -10/Mines Parts ------- > --- POWER (1) -------- (None) > --- PROPULSION (2) --- (None) > --- UTILITY (2) ------ Large Storage Unit Signal Interpreter > --- WEAPON (2) ------- (None) > --- INVENTORY (15) --- Ion Engine Light Treads Wheel Wheel Wheel Improved Heat Sink Large Matter Pod (150) Structural Scanner ECM Suite Medium Armor Plating Beam Cannon Beam Cannon Light Assault Rifle Peak State ------------ > --- POWER ------------ Light Ion Engine > --- PROPULSION ------- Flight Unit Flight Unit > --- UTILITY ---------- Medium Storage Unit Signal Interpreter > --- WEAPON ----------- Light Assault Rifle Light Assault Rifle > --- INVENTORY -------- Ion Engine Light Treads Light Treads Aluminum Leg Wheel Compact Wheel Flight Unit Large Storage Unit Small Laser Mining Claw [Rating: 8] Favorites ----------- Power Light Ion Engine Engine Light Ion Engine Propulsion Aluminum Leg Treads Light Treads Leg Aluminum Leg Wheel Compact Wheel Flight Unit Flight Unit Utility Small Storage Unit Storage Small Storage Unit Processor Signal Interpreter Weapon Light Assault Rifle Energy Cannon Beam Cannon Ballistic Gun Light Assault Rifle Slashing Weapon Mining Claw Build | -11 -10 -10 ------- Run | Yrd Mat Min Slots Evolved . | . . . Power . | . . . Propulsion . | . . . Utility . | . . . Weapon . | . . . Parts Attached 25 | 7 15 3 Power 4 | 2 1 1 Engine 4 | 2 1 1 Core . | . . . Reactor . | . . . Propulsion 11 | 2 7 2 Treads 2 | . . 2 Leg 3 | 2 1 . Wheel 3 | . 3 . Hover . | . . . Flight 3 | . 3 . Utility 4 | 1 3 . Device . | . . . Storage 3 | 1 2 . Processor 1 | . 1 . Hackware . | . . . Protection . | . . . Artifact . | . . . Weapon 6 | 2 4 . Energy Gun . | . . . Energy Cannon 1 | . 1 . Ballistic Gun 3 | 2 1 . Ballistic Cannon . | . . . Launcher . | . . . Special Weapon . | . . . Impact Weapon . | . . . Slashing Weapon 2 | . 2 . Piercing Weapon . | . . . Special Melee Weapon . | . . . Unidentified Prototypes . | . . . Parts Lost 7 | . . 7 Power 1 | . . 1 Propulsion 4 | . . 4 Utility . | . . . Weapon 2 | . . 2 Highest Loss Streak 7 | . . 7 To Critical Strikes . | . . . Average Slot Usage (%) 96 | . 97 93 Engine 13 | . 14 13 Leg 1 | . 1 . Wheel 20 | . 19 23 Flight 4 | . 6 . Storage 14 | . 14 14 Processor 11 | . 11 14 Energy Cannon 8 | . 7 11 Ballistic Gun 9 | . 11 . Slashing Weapon 9 | . 8 12 Naked Turns . | . . . Heaviest Build 28 | 13 28 28 Greatest Support 40 | 20 32 40 Greatest Overweight (x) 6 | 3 2 6 Average Overweight (x) . | . . . Largest Inventory Capacity 15 | 8 15 15 Average Capacity 9 | 7 13 15 Most Carried 15 | 6 15 15 Average Carried 7 | 5 12 14 Final Capacity 15 | 8 15 15 Final Carried 15 | 6 15 13 Class Distribution -------------------- 96% | Mutant 3% | Scavenger-Mutant Dominant Class ---------------- Mutant | -10/Materials Mutant | -10/Mines Resources | -11 -10 -10 ----------- Run | Yrd Mat Min Matter Collected 791 | 174 525 92 Remotely . | . . . Salvage Created 612 | . 470 142 Parts 57 | . 38 19 Haulers Intercepted 2 | . 2 . Recyclers Shooed . | . . . Parts Field Recycled . | . . . Retrieved Matter . | . . . Parts Self-Destructed . | . . . Prevented . | . . . Kills | -11 -10 -10 ------- Run | Yrd Mat Min Combat Hostiles Destroyed 9 | . 5 4 Melee 1 | . 1 . Guns 3 | . 3 . Cannons 4 | . 1 3 AOE 1 | . . 1 Classes Destroyed 9 | . 8 1 Worker 5 | . 3 2 Builder 2 | . 2 . Tunneler 3 | . 1 2 Hauler 2 | . 2 . Recycler 1 | . 1 . Watcher 2 | . 2 . Swarmer 6 | . 3 3 Grunt 2 | . 2 . Assembled 1 | . . 1 Best Kill Streak 4 | . 4 3 Combat Bots Only 3 | . 3 3 Max Kills in Single Turn 1 | . 1 1 Gunslinging . | . . . Exploded 1 | . . 1 Melee 1 | . 1 . Uniques/NPCs Destroyed . | . . . Combat | -11 -10 -10 -------- Run | Yrd Mat Min Hostile Shots Fired 71 | . 31 40 Missed 21 | . 10 11 Damage Taken 952 | . 189 763 Core 257 | . 45 212 Absorbed by Shields . | . . . Core Remaining (%) 100 | 100 . . Volleys Fired 39 | 4 24 11 Largest 2 | 2 2 1 Hottest 60 | 40 60 60 Shots Fired 61 | 8 42 11 Gun 42 | 8 34 . Cannon 19 | . 8 11 Launcher . | . . . Special . | . . . Kinetic 42 | 8 34 . Thermal 19 | . 8 11 Explosive . | . . . Electromagnetic . | . . . Robot Hit Streak 3 | 3 3 3 Robot Miss Streak 6 | 3 6 6 Penetration Max . | . . . Secondary Targets 1 | . 1 . Max Gunslinging Chain 1 | . 1 . Shots Hit Robots 51 | 3 36 12 Core Hits 27 | 1 20 6 Critical Kills . | . . . Critical Parts Destroyed . | . . . Critical Strikes . | . . . Melee Attacks 28 | . 17 11 Impact . | . . . Slashing 28 | . 17 11 Piercing . | . . . Sneak Attacks 17 | . 11 6 Combat Hostiles . | . . . Follow-up Attacks . | . . . Damage Inflicted 1383 | 40 888 455 Guns 174 | 40 134 . Cannons 194 | . 107 87 Explosions . | . . . Melee 1015 | . 647 368 Ramming . | . . . Kinetic 174 | 40 134 . Thermal 194 | . 107 87 Explosive . | . . . Electromagnetic . | . . . Impact . | . . . Slashing 1015 | . 647 368 Piercing . | . . . Highest Corruption 6 | . 2 6 Average Corruption 1 | . 1 2 Corruption Purged . | . . . Corruption Blocked . | . . . Effects 7 | . 6 1 Message Errors 2 | . 1 1 Matter Fused 4 | . 4 . Misfires 1 | . 1 . Overload Shots . | . . . Overflow Damage 137 | . 78 59 Projectiles . | . . . Explosions . | . . . Melee 137 | . 78 59 Knockbacks . | . . . Impact . | . . . Kinetic . | . . . Secondary . | . . . Self-Inflicted Damage . | . . . Shots . | . . . Rammed . | . . . Targets Rammed 2 | 2 . . Kicked 2 | 2 . . Crushed . | . . . Highest Temperature 200 | . 81 200 Average Temperature 52 | . 18 100 Received Heat Transfer 21 | . 21 . Siege Activations . | . . . Robots Corrupted . | . . . Combat Hostiles . | . . . Parts Fried . | . . . Impact Corruptions . | . . . Robots Melted . | . . . Combat Hostiles . | . . . Parts Melted 1 | . . 1 Heat Transferred 407 | . 222 185 Parts Sabotaged . | . . . Parts Stolen . | . . . Parts Stripped . | . . . Power Chain Reactions . | . . . Alert | -11 -10 -10 ------- Run | Yrd Mat Min Peak Influence 165 | . 165 120 Initial 30 | . . 30 Average 14 | . 83 57 Maximum Alert Level . | . . . Low Security (%) 100 | 100 100 100 Level 1 . | . . . Level 2 . | . . . Level 3 . | . . . Level 4 . | . . . Level 5 . | . . . High Security . | . . . Max Security . | . . . Squads Dispatched 1 | . 1 . Investigation 1 | . 1 . Extermination . | . . . Reinforcement . | . . . Assault . | . . . Garrison . | . . . Intercept . | . . . Searches Triggered . | . . . Construction Impeded . | . . . Haulers Reinforced . | . . . Active Scanning Responses . | . . . Cargo Convoy Interrupts . | . . . Stealth | -11 -10 -10 --------- Run | Yrd Mat Min Distress Signals . | . . . Communications Jammed . | . . . Distress Signals . | . . . Times Spotted 25 | . 8 17 Peak Tracking Total 8 | . 3 8 Tactical Retreats . | . . . Traps | -11 -10 -10 ------- Run | Yrd Mat Min Traps Triggered 2 | . 2 . Indirectly . | . . . Trap Hack Attempts . | . . . Triggered . | . . . Disarmed . | . . . Reprogrammed . | . . . Reused . | . . . Traps Extracted . | . . . Installed . | . . . Triggered . | . . . Machines | -11 -10 -10 ---------- Run | Yrd Mat Min Machines Disabled . | . . . Max in Single Turn . | . . . Machines Repaired . | . . . Machines Dismantled . | . . . Machines Sabotaged . | . . . Overloaded Fab Kills . | . . . Hacking | -11 -10 -10 --------- Run | Yrd Mat Min Machines Accessed 3 | . 3 . Terminals 2 | . 2 . Fabricators . | . . . Repair Stations . | . . . Recycling Units 1 | . 1 . Scanalyzers . | . . . Garrison Access . | . . . Total Hacks 10 | . 10 . Successful 8 | . 8 . Failed 2 | . 2 . Catastrophic . | . . . Database Lockouts . | . . . Manual . | . . . Terminals 9 | . 9 . Fabricators . | . . . Repair Stations . | . . . Recycling Units 1 | . 1 . Scanalyzers . | . . . Garrison Access . | . . . Terminal Hacks 7 | . 7 . Record 3 | . 3 . Emergency Access Points 1 | . 1 . Locate Traps 1 | . 1 . Surveillance Status 1 | . 1 . Registered Components 1 | . 1 . Fabricator Hacks . | . . . Repair Station Hacks . | . . . Recycling Unit Hacks 1 | . 1 . Report Inventory 1 | . 1 . Scanalyzer . | . . . Garrison Access Hacks . | . . . Unauthorized Hacks . | . . . Terminals . | . . . Fabricators . | . . . Repair Stations . | . . . Recycling Units . | . . . Scanalyzers . | . . . Garrison Access . | . . . Data Cores Recovered . | . . . Used . | . . . Hacking Detections 2 | . 2 . Full Trace Events 1 | . 1 . Feedback Events . | . . . Feedback Blocked . | . . . Robot Schematics Acquired . | . . . Robots Built . | . . . Authchips . | . . . Time . | . . . Total Robot Build Rating . | . . . Part Schematics Acquired . | . . . Parts Built . | . . . Authchips . | . . . Time . | . . . Total Part Build Rating . | . . . Parts Repaired . | . . . Time . | . . . Parts Recycled . | . . . Recycled Matter . | . . . Retrieved Matter . | . . . Retrieved Components . | . . . Parts Scanalyzed . | . . . Part Schematics Acquired . | . . . Parts Damaged . | . . . Bothacking | -11 -10 -10 ------------ Run | Yrd Mat Min Used RIF Installer . | . . . Robots Hacked . | . . . Non-combat . | . . . Combat . | . . . Robot Hacks Applied . | . . . Relay Couplers Released . | . . . Fabnet Peak Effective % . | . . . Robots Rewired . | . . . Allies Hacked . | . . . Hacks Repelled . | . . . Allies | -11 -10 -10 -------- Run | Yrd Mat Min Total Allies . | . . . Largest Group . | . . . Highest-Rated Group . | . . . Highest-Rated Ally . | . . . Total Orders . | . . . Ally Attacks . | . . . Total Damage . | . . . Kills . | . . . Allies Corrupted . | . . . Allies Melted . | . . . Intel | -11 -10 -10 ------- Run | Yrd Mat Min Robot Analysis Total . | . . . Derelict Logs Recovered . | . . . Drone Launches . | . . . Drone Recoveries . | . . . Exploration | -11 -10 -10 ------------- Run | Yrd Mat Min Turns Passed 5719 | 4677 799 243 Spaces Moved 1561 | 765 626 170 Core 15 | 14 . 1 Treads 13 | . . 13 Legs 771 | 751 20 . Wheels 645 | . 489 156 Hover . | . . . Flight 117 | . 117 . Fastest Speed 50 | 50 90 100 Average Speed 111 | 119 102 108 Slowest Speed 350 | 200 200 350 Overloaded Moves . | . . . Propulsion Burnouts . | . . . Robots Hopped . | . . . Cave-ins Triggered . | . . . Exploration Rate (%) 49 | 51 59 37 Regions Visited 2 Branch Regions 1 Pre-discovered Areas . | . . . Known Exits Taken 1 | . 1 . Unknown Exits Taken 1 | 1 . . Scrap Searched . | . . . Spaces Dug . | . . . Terrain Destroyed . | . . . Melee . | . . . Projectile . | . . . AOE . | . . . Terrain Rammed . | . . . Walls Destroyed . | . . . Machines Disabled . | . . . Actions | -11 -10 -10 --------- Run | Yrd Mat Min Total 5432 | 4518 718 196 Wait 3729 | 3729 . . Move 1559 | 764 625 170 Hop . | . . . Pick Up 31 | 12 19 . Fast Attach 4 | . 4 . Attach 9 | 6 1 2 Detach 1 | . 1 . Swap 12 | 1 10 1 Drop 18 | . 17 1 Fire 39 | 4 24 11 Melee 28 | . 17 11 Ram . | . . . Kick 2 | 2 . . Crush . | . . . Escape Stasis . | . . . Rewire . | . . . Trap . | . . . Miscellaneous . | . . . Route ------- -11/Scrapyard -10/Materials (discovered 2 exits: *Mat / *Min) -10/Mines History --------- Turn | Location | Event 29 | -11/Scrapyard | Discovered new exit (range 15) 4678 | -11/Scrapyard | Entered Materials 4679 | -10/Materials | Build established: Mutant 4807 | -10/Materials | Discovered new exit (range 16) 4948 | -10/Materials | Identified exit to Mines 5089 | -10/Materials | Discovered new exit (range 16) 5106 | -10/Materials | Identified exit to Materials 5477 | -10/Materials | Entered Mines 5540 | -10/Mines | Met a Derelict bent on vengeance 5661 | -10/Mines | Assembled infested the area 5692 | -10/Mines | Core integrity fell below 50% 5711 | -10/Mines | Core integrity fell below 20% 5720 | -10/Mines | Destroyed by D-53 Grenadier with Mini Grenade Launcher Last Messages --------------- Beam Cannon destroyed. as-72922 destroyed. The unstable cave ceiling collapses. Com. Wheel destroyed. The unstable cave ceiling collapses. R-06 Scavenger collects Lgt. Ion Engine. The unstable cave ceiling collapses. R-06 Scavenger collects Lgt. Assault Rifle. R-06 Scavenger destroyed. Acquired 20 matter. FNCBR1OC3 E 7IG6OSKYZGLHFP:# The unstable cave ceiling collapses. Lgt. Treads destroyed. Mining Claw destroyed. Lgt. Ion Engine destroyed. The unstable cave ceiling collapses. Lgt. Treads destroyed. The unstable cave ceiling collapses. R-06 Scavenger collects Sml. Storage Unit. The unstable cave ceiling collapses. Map ----- +----------------------------------------------------+ | ???????????????????????????????????????????? | | ???????????????????????????????????????????? | | ???????????????????????????????????????????? | | ???????????????????????????????????????????? | | ???????????????????????????????????????????? | | ???????????????????????????????????????????? | | ???????????????????????????????????????????? | | ???????????????????????????????????????????? | | ??????????????????????????????????? ???????? | | ?????????????????????????????????? "?????? | | ##???????????????????????????????? ????? | | ##?????????????????????????????? ?????? | | ###???????????????????????????# #?????? | | ##???????????????????????### #?????? | | #?????????????????????## ???????? | | #????????????????????## r ????????? | | ##???????????????????## ?????????? | | ##??????????????????### #??????????? | | #??????????????????## #??????????? | | ##?????????????????# #????? ????? | | #????????????????## r## ##?? ??? | | ######??????????## # #?? | | #??????????# #?? | | ######??????# # # #??? | | #### #??????# ##??? | | ##??# |######### @ ## ####???? | | #???##### *%= ##???#??????? | | #???????# !! d #??????????? | | #???????######### # #??????????? | | #???????????????# ## !#??????????? | | ##???????????????# ### # # ##??????????? | | ##???????????????? ## #####???????????? | | ##????????????????? # #???????????????? | | ??????????????????? ???????????????? | | ??????????????????? # % ???????????????? | | ?????????????????? # ???????????????? | | ????????????????? % #???????????????? | | ????????????????# # ##???????????????? | | ????????????????# ????????????????? | | ????????????????## #????????????????? | | ?????????????????? # % # ?????????????????? | | ??????????????????# % ? ?????????????????? | | ??????????????????? # ? ?????????????????? | | ???????????????????????#? ?????????????????? | | ???????????????????????????????????????????? | | ???????????????????????????????????????????? | | ???????????????????????????????????????????? | | ???????????????????????????????????????????? | | ???????????????????????????????????????????? | | ???????????????????????????????????????????? | +----------------------------------------------------+ Best States ------------- Heat Dissipation 25 Energy Generation 10 Energy Capacity 250 Matter Stores 300 Matter Capacity 300 Sight Range 16 Terrain Scan Density 10 Evasion (%) 55 Recoil Reduction 2 Item Schematics ----------------- None Robot Schematics ------------------ None Fabricated ------------ Nothing Alien Tech Used ----------------- None Achievements -------------- None Challenges ------------ None Game ------ Seed HybridPointyMatrix Manual? 0 Play Time 00:22:36 Cumulative 6.0 hours Start 2024.04.06 @ 20:00:45 End 2024.04.06 @ 20:24:33 Sessions 1 Manual Loads 0 Difficulty Rogue Special Mode None Game No. 7 Rogue 7 Adventurer 0 Explorer 0 Win Type - Total 0 Types 0/0/0/0/0/0/0/0/0 Lore% 14 Gallery% 11 Achievement% 13 Wizard Run 0 Options --------- Layout 1 ASCII 0 Keyboard 0 Movement Arrows Keybinds 0 Fullscreen 0 Font 20/SmallcapsGlow Map View 50x35 Zoom Use 0% Tactical HUD 0 Map Filters NONE Filters NONE Steam 1 RUN: 2efa6449-b92f-4ae3-b17b-9f629a0590e1